 Dungeon Crawl Stone Soup version 0.28-a0-845-gfc338a8e3c (webtiles) character file.

Game seed: 7207873182878976999

371 Crownlay the Sneak (level 6, -12/30 HPs)
             Began as a Spriggan Brigand on Nov 12, 2021.
             Killed from afar by a steam dragon (19 damage)
             ... with a ball of steam
             ... on level 4 of the Dungeon.
             The game lasted 00:05:08 (2516 turns).

Crownlay the Sneak (Spriggan Brigand)               Turns: 2516, Time: 00:05:08

Health: -12/30     AC:  3    Str:  7    XL:     6   Next: 42%
Magic:  6/7        EV: 19    Int: 12    God:
Gold:   84         SH:  0    Dex: 19    Spells: 4/5 levels left

rFire   . . .      SeeInvis +   a - +2 dagger
rCold   . . .      Faith    .   (shield restricted)
rNeg    . . .      Spirit   .   b - +0 robe
rPois   .          Reflect  .   (helmet restricted)
rElec   .          Harm     .   m - +0 cloak
rCorr   .          Rampage  .   (gloves unavailable)
Will    +....                   (boots unavailable)
Stlth   ++++......              (no amulet)
HPRegen 0.10/turn               (no ring)
MPRegen 0.10/turn               (no ring)

@: very quick
A: very small, no large weapons, unfitting armour, see invisible, speed 3
a: no special abilities


You were on level 4 of the Dungeon.
You visited 1 branch of the dungeon, and saw 4 of its levels.

You collected 106 gold pieces.
You spent 22 gold pieces at shops.

Inventory:

Hand Weapons
 a - a +2 dagger (weapon)
Missiles
 d - 8 poisoned darts (quivered)
 e - 2 curare-tipped darts
Armour
 b - a +0 robe (worn)
 c - a +0 cloak
 m - a +0 cloak (worn)
Scrolls
 f - a scroll of noise {unknown}
 j - 3 scrolls of magic mapping
Potions
 h - 3 potions of heal wounds
 i - 4 potions of curing
 k - a potion of flight {unknown}
 l - a potion of might {unknown}


   Skills:
 - Level 1.5 Fighting
 * Level 5.5 Short Blades
 - Level 0.2(1.4) Slings
 - Level 2.0 Throwing
 + Level 4.5 Dodging
 + Level 7.8 Stealth


You had 4 spell levels left.
You knew the following spells:

 Your Spells              Type           Power      Damage    Failure   Level
a - Slow                  Hex            0%         N/A       32%         1

Your spell library contained the following spells:

 Spells                   Type           Power      Damage    Failure   Level
 Confusing Touch          Hex            0%         N/A       69%         3
 Vampiric Draining        Necr           0%         2d6       69%         3


Dungeon Overview and Level Annotations

Branches:
Dungeon (4/15)
 Temple: D:4-7

Altars:
Trog

Shops:
D:1 (??[?   D:2 *


Innate Abilities, Weirdness & Mutations

You are very small and have problems with some larger weapons.
You are too small for most types of armour.
You have supernaturally acute eyesight. (SInv)
You cover ground extremely quickly. (Speed+++)


Message History

An orc comes into view. It is wielding a +0 club.
An orc is nearby!
A steam dragon comes into view.
The orc shouts!
You hear a shout!
An orc wizard comes into view.
It is wielding a +0 dagger and wearing a +1 robe of willpower.
The orc wizard moves out of view.
An orc comes into view. It is wielding a +0 whip.
The orc shouts!
The steam dragon hisses angrily.
Okay, then.
The steam dragon breathes steam at you.
The ball of steam hits the orc!
The orc dies!
The ball of steam misses you.
You hear a shout! x2
There is a stone staircase leading up here.
Okay, then.
Memorise Slow, consuming 1 spell level and leaving 4?
You start memorising the spell.
You continue memorising.
You finish memorising.
Spell assigned to 'a'.
Casting: Slow (safe; 32% risk of failure)
Confirm with . or Enter, or press ? or * to list all spells.
Aiming: Slow (safe; 32% risk of failure)
Press: ? - help, Shift-Dir - straight line, f - steam dragon
Aim: a steam dragon (chance to affect: 32%)
The steam dragon seems to slow down.
The steam dragon breathes steam at you. The ball of steam misses you.
You are engulfed in a cloud of scalding steam.
You are engulfed in a cloud of scalding steam.
You are engulfed in a cloud of scalding steam.
You hit the steam dragon but do no damage.
You are engulfed in a cloud of scalding steam.
The steam dragon bites you! The steam dragon claws you.
* * * LOW HITPOINT WARNING * * *
You hit the steam dragon but do no damage.
You hit the steam dragon but do no damage.
The steam dragon breathes steam at you. The ball of steam hits you!!
Ouch! That really hurt!
You die...

#......###.###
#......#
###.##.##
#.##..# #.###.#
#<# #.# #.# #.#
#§###.##########
#...@D.........#
###########.##.#
#§# #§# #§# #.#
#.. D.. ##.#


You could see a steam dragon (slow, catching breath).

Vanquished Creatures
  Sigmund (D:2)
  An ogre (D:2)
  A hound (D:4)
  Crazy Yiuf (D:2)
  3 adders
  A dart slug (D:3)
  An orc (D:3)
  2 ball pythons
  6 bats
  3 endoplasms
  4 giant cockroaches (D:2)
  5 goblins
  5 hobgoblins
  5 kobolds
  A quokka (D:3)
  2 frilled lizards
  4 rats
46 creatures vanquished.

Vanquished Creatures (others)
  2 orcs (D:4)
2 creatures vanquished.

Grand Total: 48 creatures vanquished

Notes
Turn   | Place    | Note
-------+----------+-------------------------------------------
     0 | D:1      | Crownlay the Spriggan Brigand began the quest for the Orb.
     0 | D:1      | Reached XP level 1. HP: 10/10 MP: 2/2
    54 | D:1      | Found Mokkit's Armour Boutique.
    75 | D:1      | Reached skill level 6 in Stealth
   383 | D:1      | Found a faded altar of an unknown god.
   398 | D:1      | Found Pearror's Antique Weapon Shop.
   401 | D:1      | Reached XP level 2. HP: 14/14 MP: 3/3
   401 | D:1      | Found Ladivui's Magic Scroll Shop.
   527 | D:1      | Found Foewude's Magic Scroll Boutique.
   759 | D:1      | Found Keschium's Magic Scroll Emporium.
   913 | D:2      | Noticed Sigmund
   917 | D:2      | Killed Sigmund
   918 | D:2      | Reached skill level 7 in Stealth
   918 | D:2      | Reached XP level 3. HP: 18/18 MP: 4/4
   918 | D:2      | Reached XP level 4. HP: 22/22 MP: 5/5
   918 | D:2      | Reached XP level 5. HP: 25/25 MP: 6/6
  1124 | D:2      | Noticed an ogre
  1127 | D:2      | Killed an ogre
  1128 | D:2      | Reached skill level 5 in Short Blades
  1390 | D:2      | Reached XP level 6. HP: 27/30 MP: 7/7
  1529 | D:2      | Found Ejih's Assorted Antiques.
  1536 | D:2      | Bought a scroll labelled XARRAU OKEH for 22 gold pieces
  1571 | D:2      | Found a runed translucent door.
  1572 | D:2      | Noticed Crazy Yiuf
  1579 | D:2      | Killed Crazy Yiuf
  1811 | D:3      | Found a bloodstained altar of Trog.
  2488 | D:4      | Noticed a steam dragon
  2508 | D:4      | Learned a level 1 spell: Slow
  2516 | D:4      | Killed from afar by a steam dragon

Illustrated notes

Levels and vault maps discovered:
D:1:      saegor_arrival_under_anarchy, layout_rooms, serial_shops,
          nicolae_lakefront_shop, shop, shop, nicolae_shop_waterfront,
          nicolae_shop_stone, ebering_ecumenical_altar_ruins
D:2:      layout_basic, serial_shops, nicolae_diamond_shop, minivault_23,
          minmay_worlds_worst_comb, uniq_crazy_yiuf_cottage, uniq_sigmund
D:3:      layout_basic, mainiacjoe_overflow_six_doors_small
D:4:      layout_loops_ring

Skill      XL: |  1  2  3  4  5 |
---------------+----------------+-----
Stealth        | 6 7 |  7.8
Dodging        | 3 4 |  4.5
Short Blades   | 4 5 |  5.5
Fighting       | |  1.5
Slings         | |  0.2
Throwing       | |  2.0

Action                   |  1- 3 |  4- 6 || total
-------------------------+-------+-------++-------
Melee: Dagger            |    41 |   102 ||   143
 Cast: Slow              |       |     1 ||     1
  Use: Scroll            |     2 |     1 ||     3
 Stab: Sleeping          |     9 |    16 ||    25
Armor: Robe              |     4 |     4 ||     8
Dodge: Dodged            |    20 |    52 ||    72

Table legend: (Time is in decaauts)
 A = Elapsed time spent in this place.
 B = Non-inter-level travel time spent in this place.
 C = Inter-level travel time spent in this place.
 D = Time resting spent in this place.
 E = Time spent auto-exploring this place.
 F = Levels seen in this place.
 G = Mean time per level.
                   A        B        C        D        E       F      G
               +--------+--------+--------+--------+--------+-----+--------+
         Total |   1801 |   1760 |     41 |      0 |   1470 |   4 |  450.2 |
       Dungeon |   1801 |   1760 |     41 |      0 |   1470 |   4 |  450.2 |
               +--------+--------+--------+--------+--------+-----+--------+

Top non-repeatable levels by time:
     D:1: 713 daAuts
     D:3: 493 daAuts
     D:2: 479 daAuts
     D:4: 114 daAuts
